BSA
LOS CABOS CARTEL @ NIAGARA FALLS FRENZY
04/29/2026
 
TOP OF THE 1ST
Los Cabos Cartel batting - Pitching for Niagara Falls Frenzy : LHP Manuel Rodríguez
Pitching: LHP Manuel Rodríguez
Batting: LHB Luis González 0-0: Ball
1-0: Called Strike
1-1: Ball
2-1: Ball
3-1: Ground out 4-3 (Groundball, 34)
Batting: RHB Gerardo Escobedo 0-0: Called Strike
0-1: Ball
1-1: Foul Ball, location: 2F
1-2: Foul Ball, location: 2F
1-2: Ball
2-2: Ball
3-2: Strikes out swinging
Batting: RHB Stephen Wilson 0-0: Ball
1-0: Ground out 5-3 (Groundball, 5)
Top of the 1st over - 0 run(s), 0 hit(s), 0 error(s), 0 left on base; Los Cabos 0 - Niagara Falls 0
BOTTOM OF THE 1ST
Niagara Falls Frenzy batting - Pitching for Los Cabos Cartel : RHP Dillon Nelson
Pitching: RHP Dillon Nelson
Batting: SHB Martín De Jesús 0-0: Called Strike
0-1: Ball
1-1: SINGLE (Line Drive, 56)
Batting: LHB Clyde Yarbrough 0-0: Swinging Strike
0-1: Foul Ball, location: 2F
0-2: Ball
1-2: Fly out, F9 (Flyball, 89M)
Batting: LHB Dante Owens 0-0: Ball
Martín De Jesús steals 2nd base
1-0: Ball
2-0: Foul Ball, location: 2F
2-1: Ball
3-1: Base on Balls
Batting: RHB Lawrence Schroeder 0-0: Called Strike
0-1: Called Strike
0-2: Foul Ball, location: 2F
0-2: Grounds into double play, U4-3 (Groundball, 4)
Bottom of the 1st over - 0 run(s), 1 hit(s), 0 error(s), 1 left on base; Los Cabos 0 - Niagara Falls 0
TOP OF THE 2ND
Los Cabos Cartel batting - Pitching for Niagara Falls Frenzy : LHP Manuel Rodríguez
Batting: LHB José Rivas 0-0: Swinging Strike
0-1: Fly out, F7 (Popup, 6MD)
Batting: LHB Miguel Rivería 0-0: Ball
1-0: SINGLE (Groundball, 4M)
Batting: RHB Oliver Hernández 0-0: Called Strike
0-1: Ball
1-1: Ball
2-1: Swinging Strike
2-2: Ball
3-2: Fly out, F9 (Flyball, 9LM)
Batting: RHB Jesús Hernández 0-0: Ball
1-0: Called Strike
1-1: Ground out 1-3 (Groundball, 13S)
Top of the 2nd over - 0 run(s), 1 hit(s), 0 error(s), 1 left on base; Los Cabos 0 - Niagara Falls 0
BOTTOM OF THE 2ND
Niagara Falls Frenzy batting - Pitching for Los Cabos Cartel : RHP Dillon Nelson
Batting: LHB Bill Hall 0-0: Called Strike
0-1: Ball
1-1: Swinging Strike
1-2: Ground out 1-3 (Groundball, 34S)
Batting: RHB Ángel Hinojosa 0-0: Fly out, F7 (Flyball, 78D)
Batting: RHB Zander Tremblett 0-0: Ball
1-0: Called Strike
1-1: Ball
2-1: Called Strike
2-2: Foul Ball, location: 2F
2-2: Strikes out swinging
Bottom of the 2nd over - 0 run(s), 0 hit(s), 0 error(s), 0 left on base; Los Cabos 0 - Niagara Falls 0
TOP OF THE 3RD
Los Cabos Cartel batting - Pitching for Niagara Falls Frenzy : LHP Manuel Rodríguez
Batting: RHB John Pick 0-0: Called Strike
0-1: Ball
1-1: Ball
2-1: Fly out, F6 (Line Drive, 6)
Batting: RHB Wilbert Rodgers 0-0: Foul Ball, location: 2F
0-1: Reached on Error, E8 (Flyball, 8RD)
Batting: LHB Luis González 0-0: Swinging Strike
0-1: Ball
1-1: DOUBLE (Line Drive, 7LS)
Wilbert Rodgers scores
Batting: RHB Gerardo Escobedo 0-0: Foul Ball, location: 2F
0-1: Swinging Strike
0-2: Ball
1-2: Strikes out swinging
Batting: RHB Stephen Wilson 0-0: Called Strike
0-1: Swinging Strike
0-2: Ball
1-2: Foul Ball, location: 2F
1-2: Ball
2-2: Fly out, F7 (Line Drive, 7M)
Top of the 3rd over - 1 run(s), 1 hit(s), 1 error(s), 1 left on base; Los Cabos 1 - Niagara Falls 0
BOTTOM OF THE 3RD
Niagara Falls Frenzy batting - Pitching for Los Cabos Cartel : RHP Dillon Nelson
Batting: SHB Jong-min Kim 0-0: Ball
1-0: Ground out 5-3 (Groundball, 56)
Batting: RHB Santiago Zambrano 0-0: Ball
1-0: Foul Ball, location: 2F
1-1: Ball
2-1: Foul Ball, location: 2F
2-2: Ground out 4-3 (Groundball, 4)
Batting: SHB Martín De Jesús 0-0: Called Strike
0-1: Swinging Strike
0-2: Strikes out looking
Bottom of the 3rd over - 0 run(s), 0 hit(s), 0 error(s), 0 left on base; Los Cabos 1 - Niagara Falls 0
TOP OF THE 4TH
Los Cabos Cartel batting - Pitching for Niagara Falls Frenzy : LHP Manuel Rodríguez
Batting: LHB José Rivas 0-0: Called Strike
0-1: Ball
1-1: Ball
2-1: Foul Ball, location: 2F
2-2: Strikes out looking
Batting: LHB Miguel Rivería 0-0: Foul Ball, location: 2F
0-1: Swinging Strike
0-2: Strikes out swinging
Batting: RHB Oliver Hernández 0-0: Ball
1-0: Fly out, F9 (Line Drive, 9S)
Top of the 4th over - 0 run(s), 0 hit(s), 0 error(s), 0 left on base; Los Cabos 1 - Niagara Falls 0
BOTTOM OF THE 4TH
Niagara Falls Frenzy batting - Pitching for Los Cabos Cartel : RHP Dillon Nelson
Batting: LHB Clyde Yarbrough 0-0: Ball
1-0: DOUBLE (Line Drive, 89XD)
Batting: LHB Dante Owens 0-0: Foul Ball, location: 2F
0-1: Fly out, F6 (Popup, 8LS)
Batting: RHB Lawrence Schroeder 0-0: Swinging Strike
0-1: Foul Ball, location: 2F
0-2: Fly out, F9 (Flyball, 9M)
Batting: LHB Bill Hall 0-0: Ball
1-0: Ball
2-0: Ball
3-0: Called Strike
3-1: Base on Balls
Batting: RHB Ángel Hinojosa 0-0: Foul Ball, location: 2F
0-1: Ball
1-1: Foul Ball, location: 2F
1-2: Fly out, F3 (Popup, 3F)
Bottom of the 4th over - 0 run(s), 1 hit(s), 0 error(s), 2 left on base; Los Cabos 1 - Niagara Falls 0
TOP OF THE 5TH
Los Cabos Cartel batting - Pitching for Niagara Falls Frenzy : LHP Manuel Rodríguez
Batting: RHB Jesús Hernández 0-0: Called Strike
0-1: DOUBLE (Groundball, 5L)
Batting: RHB John Pick 0-0: Fly out, F5 (Popup, 5S)
Batting: RHB Wilbert Rodgers 0-0: Ball
1-0: Foul Ball, location: 2F
1-1: Ground out U3 (Groundball, 3)
Jesús Hernández to third
Batting: LHB Luis González 0-0: Foul Ball, location: 2F
0-1: Ground out 3-1 (Groundball, 34)
Top of the 5th over - 0 run(s), 1 hit(s), 0 error(s), 1 left on base; Los Cabos 1 - Niagara Falls 0
BOTTOM OF THE 5TH
Niagara Falls Frenzy batting - Pitching for Los Cabos Cartel : RHP Dillon Nelson
Batting: RHB Zander Tremblett 0-0: Called Strike
0-1: Ball
1-1: Swinging Strike
1-2: Strikes out looking
Batting: SHB Jong-min Kim 0-0: Called Strike
0-1: SINGLE (Groundball, 6MD)
Batting: RHB Santiago Zambrano 0-0: Ball
Jong-min Kim is caught stealing 2nd base
1-0: Ball
2-0: Foul Ball, location: 2F
2-1: Ground out 5-3 (Groundball, 5)
Bottom of the 5th over - 0 run(s), 1 hit(s), 0 error(s), 0 left on base; Los Cabos 1 - Niagara Falls 0
TOP OF THE 6TH
Los Cabos Cartel batting - Pitching for Niagara Falls Frenzy : LHP Manuel Rodríguez
Batting: RHB Gerardo Escobedo 0-0: Called Strike
0-1: SINGLE (Line Drive, 34)
Batting: RHB Stephen Wilson 0-0: Ball
1-0: Ball
2-0: Foul Ball, location: 2F
2-1: Foul Ball, location: 2F
2-2: Ball
3-2: Fly out, F7 (Flyball, 7M)
Batting: LHB José Rivas 0-0: Called Strike
0-1: Ball
1-1: Ball
2-1: Foul Ball, location: 2F
2-2: Foul Ball, location: 2F
2-2: Grounds into double play, 6-4-3 (Groundball, 6)
Top of the 6th over - 0 run(s), 1 hit(s), 0 error(s), 0 left on base; Los Cabos 1 - Niagara Falls 0
BOTTOM OF THE 6TH
Niagara Falls Frenzy batting - Pitching for Los Cabos Cartel : RHP Dillon Nelson
Batting: SHB Martín De Jesús 0-0: Called Strike
0-1: Ball
1-1: Swinging Strike
1-2: Strikes out swinging
Batting: LHB Clyde Yarbrough 0-0: Ball
1-0: Swinging Strike
1-1: Called Strike
1-2: Strikes out swinging
Batting: LHB Dante Owens 0-0: Ball
1-0: Ball
2-0: Called Strike
2-1: SINGLE (Flyball, 8LS)
Batting: RHB Lawrence Schroeder 0-0: Ball
Dante Owens is caught stealing 2nd base
Bottom of the 6th over - 0 run(s), 1 hit(s), 0 error(s), 0 left on base; Los Cabos 1 - Niagara Falls 0
TOP OF THE 7TH
Los Cabos Cartel batting - Pitching for Niagara Falls Frenzy : LHP Manuel Rodríguez
Batting: LHB Miguel Rivería 0-0: SINGLE (Groundball, 4MD)
Batting: RHB Oliver Hernández 0-0: Ball
1-0: SINGLE (Line Drive, 4D)
Miguel Rivería to second
Batting: RHB Jesús Hernández 0-0: Sac Bunt - play at first, batter OUT! U3
Miguel Rivería to third
Oliver Hernández to second
Batting: RHB John Pick 0-0: Fly out, F5 (Popup, 56S)
Batting: RHB Wilbert Rodgers 0-0: Foul Ball, location: 2F
0-1: Fly out, F8 (Flyball, 8LXD)
Top of the 7th over - 0 run(s), 2 hit(s), 0 error(s), 2 left on base; Los Cabos 1 - Niagara Falls 0
BOTTOM OF THE 7TH
Niagara Falls Frenzy batting - Pitching for Los Cabos Cartel : RHP Dillon Nelson
Batting: RHB Lawrence Schroeder 0-0: Called Strike
0-1: Ball
1-1: Ball
2-1: SINGLE (Line Drive, 78M)
Batting: LHB Bill Hall 0-0: Called Strike
0-1: Ball
1-1: Ball
2-1: Swinging Strike
2-2: Ball
3-2: DOUBLE (Line Drive, 89D)
Lawrence Schroeder to third
Batting: RHB Ángel Hinojosa 0-0: SINGLE (Flyball, 8LS)
Lawrence Schroeder scores
Bill Hall to third
Runner from 3rd tries for Home, SAFE, throw made home
Ángel Hinojosa to second
Batting: RHB Zander Tremblett 0-0: Intentional Walk
Pinch Hitting: RHB Gerald Burnett 0-0: Sac Bunt - play at first, batter OUT! 1-4
Ángel Hinojosa to third
Zander Tremblett to second
Batting: RHB Santiago Zambrano 0-0: Foul Ball, location: 2F
0-1: Foul Ball, location: 2F
0-2: Foul Ball, location: 2F
0-2: Strikes out swinging
Batting: SHB Martín De Jesús 0-0: Fly out, F7 (Flyball, 7M)
Bottom of the 7th over - 2 run(s), 3 hit(s), 0 error(s), 2 left on base; Los Cabos 1 - Niagara Falls 2
TOP OF THE 8TH
Los Cabos Cartel batting - Pitching for Niagara Falls Frenzy : LHP Manuel Rodríguez
Now at 1B: Gerald Burnett
Batting: LHB Luis González 0-0: Called Strike
0-1: Called Strike
0-2: Ball
1-2: Strikes out swinging
Batting: RHB Gerardo Escobedo 0-0: Ball
1-0: Called Strike
1-1: Ground out 5-3 (Groundball, 56S)
Batting: RHB Stephen Wilson 0-0: Ball
1-0: Foul Ball, location: 2F
1-1: Swinging Strike
1-2: Ball
2-2: Foul Ball, location: 2F
2-2: Ball
3-2: SINGLE (Flyball, 7S)
Pitching: RHP Ángel Francisco
Batting: LHB José Rivas 0-0: Called Strike
0-1: Foul Ball, location: 2F
0-2: Fielders Choice at 2nd, U4 (Groundball, 4M)
Top of the 8th over - 0 run(s), 1 hit(s), 0 error(s), 1 left on base; Los Cabos 1 - Niagara Falls 2
BOTTOM OF THE 8TH
Niagara Falls Frenzy batting - Pitching for Los Cabos Cartel : RHP Dillon Nelson
Pitching: RHP Anastasio Freitas
Batting: LHB Clyde Yarbrough 0-0: Foul Ball, location: 2F
0-1: Ball
1-1: Foul Ball, location: 2F
1-2: Foul Ball, location: 2F
1-2: Foul Ball, location: 2F
1-2: Foul Ball, location: 2F
1-2: Ball
2-2: Foul Ball, location: 2F
2-2: Reached on error, E4 (Groundball, 4M)
Batting: LHB Dante Owens 0-0: Ball
1-0: Called Strike
1-1: Ball
2-1: Ball
3-1: Called Strike
3-2: Grounds into double play, 6-4-3 (Groundball, 6)
Pitching: RHP Yajirobei Endo
Batting: RHB Lawrence Schroeder 0-0: Foul Ball, location: 2F
0-1: Ball
1-1: Ball
2-1: Swinging Strike
2-2: Strikes out swinging
Bottom of the 8th over - 0 run(s), 0 hit(s), 1 error(s), 0 left on base; Los Cabos 1 - Niagara Falls 2
TOP OF THE 9TH
Los Cabos Cartel batting - Pitching for Niagara Falls Frenzy : RHP Ángel Francisco
Pitching: RHP Esteban Juárez
Now at SS: Keitaro Suzuki
Batting: LHB Miguel Rivería 0-0: Called Strike
0-1: Ball
1-1: Swinging Strike
1-2: SINGLE (Groundball, 34)
Batting: RHB Oliver Hernández 0-0: Foul Ball, location: 2F
0-1: Bunted foul
0-2: Ball
1-2: Ball
2-2: Ball
3-2: Base on Balls
Miguel Rivería to second
Pinch Hitting: LHB Manny Quińones 0-0: Sac Bunt - play at first, batter OUT! 1-4
Miguel Rivería to third
Oliver Hernández to second
Batting: RHB John Pick 0-0: Fly out, F5 (Line Drive, 5S)
Batting: RHB Wilbert Rodgers 0-0: Foul Ball, location: 2F
0-1: Ball
1-1: Ball
2-1: Foul Ball, location: 2F
2-2: Strikes out swinging
Top of the 9th over - 0 run(s), 1 hit(s), 0 error(s), 2 left on base; Los Cabos 1 - Niagara Falls 2
Monday, December 5th, 2016 - OOTP Baseball 17.12 Build 75